AoeStats
← [GDL] Maldito Pantoja

Oasis

508371476Analyzed
4v4 RM · 11d ago on Sep 22, 2026· 32m 53s· 8 players
Game mode
Random Map
Map size
Large (8 player)
Population
200
Speed
Normal
Resources
Standard
Victory
Conquest
Starting age
Dark Age
Ending age
Imperial Age
RankedLock teamsTeams togetherTeam positionsShared explorationLock speedFull tech treeHidden civsTurbo modeCheats
Victory
Defeat
🇲🇽 Ethiopians · Mexico
1192
+16
🇲🇽 Gurjaras · Mexico
1179
+16
🇸🇮 Khitans · Slovenia
1178
+17
🇲🇽 Saracens · Mexico
1169
+17
1237
-19
🇺🇸 Cumans · United States
1206
-17
🇦🇷 Khmer · Argentina
1162
-15
🇺🇸 Magyars · United States
1157
-15
CapitanRexMx
10:42 Feudal Age
11:27 Double-Bit Axe
12:43 Loom
15:29 Fletching
16:23 Padded Archer Armor
20:38 Wheelbarrow
22:04 Horse Collar
26:33 Castle Age
26:50 Crossbowman
27:35 Thumb Ring
27:27 Bodkin Arrow
27:47 Leather Archer Armor
28:07 Bow Saw
28:59 Ballistics
28:58 Town Watch
33:14 Gold Mining
arky8a
3:37 Loom
12:11 Feudal Age
12:44 Horse Collar
12:57 Double-Bit Axe
14:11 Bloodlines
24:38 Castle Age
24:37 Gold Mining
25:28 Heavy Plow
25:01 Light Cavalry
25:49 Scale Barding Armor
25:56 Forging
27:54 Chain Barding Armor
m00n
11:25 Feudal Age
15:08 Castle Age
14:50 Double-Bit Axe
15:43 Wheelbarrow
14:50 Domestication
21:32 Bow Saw
22:57 Hand Cart
23:19 Forging
24:58 Pastoralism
32:12 Imperial Age
30:37 Husbandry
31:40 Iron Casting
31:11 Scale Barding Armor
31:04 Gold Mining
31:06 Stone Mining
33:14 Siege Engineers
32:39 Elite Steppe Lancer
[GDL] Maldito Pantoja
6:56 Loom
9:48 Feudal Age
12:14 Fletching
17:49 Padded Archer Armor
20:07 Horse Collar
20:23 Gold Mining
25:35 Castle Age
24:09 Double-Bit Axe
24:30 Stone Mining
27:59 Wheelbarrow
29:28 Bow Saw
29:22 Heavy Plow
RexConquistadorLex
0:31 Loom
12:25 Feudal Age
12:56 Town Watch
12:59 Double-Bit Axe
19:45 Fletching
23:43 Horse Collar
28:42 Castle Age
27:19 Gold Mining
30:00 Heavy Plow
El Fantasma de Pancho Villa
6:37 Loom
9:35 Feudal Age
28:51 Castle Age
27:38 Gold Mining
28:15 Bloodlines
28:40 Scale Barding Armor
28:33 Double-Bit Axe
30:01 Horse Collar
30:46 Stone Mining
31:22 Forging
Sabio Pervertido
3:54 Loom
10:57 Feudal Age
12:37 Double-Bit Axe
12:41 Horse Collar
19:43 Scale Barding Armor
19:49 Forging
20:23 Bloodlines
25:11 Castle Age
23:36 Gold Mining
23:37 Stone Mining
24:53 Wheelbarrow
24:04 Town Watch
27:43 Iron Casting
28:16 Husbandry
29:14 Chain Barding Armor
28:27 Light Cavalry
30:39 Heavy Plow
32:22 Fletching
32:33 Scale Mail Armor
种田玩家打队友别打我
7:52 Loom
10:52 Feudal Age
15:00 Castle Age
13:51 Fletching
13:52 Double-Bit Axe
14:04 Horse Collar
15:27 Gold Mining
23:00 Padded Archer Armor
24:52 Wheelbarrow
25:27 Bodkin Arrow
25:57 Bloodlines
29:15 Leather Archer Armor
30:14 Husbandry
31:38 Gold Shaft Mining
Connection lost

Rejoining the realm…

Still unreachable

The connection could not be restored.

Session expired

The server has moved on; the page needs a fresh start.